AoeStats
← NTM.El_Dudu

Oasis

509819285Analyzed
4v4 RM · 5d ago on Sep 28, 2026· 10m 28s· 8 players
Game mode
Random Map
Map size
Large (8 player)
Population
200
Speed
Normal
Resources
Standard
Victory
Conquest
Starting age
Dark Age
Ending age
Imperial Age
RankedLock teamsTeams togetherTeam positionsShared explorationLock speedFull tech treeHidden civsTurbo modeCheats
Victory
Defeat
🇨🇴 Koreans · Colombia
1319
+16
🇦🇷 Portuguese · Argentina
1300
+16
🇨🇴 Slavs · Colombia
1292
+17
🇲🇽 Byzantines · Mexico
1292
+17
🇦🇷 Inca · Argentina
1337
-18
🇦🇷 Berbers · Argentina
1327
-17
🇨🇳 Persians · China
1303
-16
🇫🇷 Turks · France
1274
-15
NTM.El_Dudu
6:05 Loom
6:10 Loom
8:58 Feudal Age
The Monad
7:57 Loom
9:59 Feudal Age
10:41 Double-Bit Axe
maxwell54
9:11 Feudal Age
7:35 Loom
9:59 Double-Bit Axe
10:13 Horse Collar
felixaleman1010
7:21 Loom
9:37 Feudal Age
10:29 Double-Bit Axe
10:26 Horse Collar
WalterWhite
7:11 Loom
9:59 Feudal Age
yalaric
7:31 Loom
10:25 Feudal Age
很蓝的啦
10:39 Feudal Age
JessePinkman
Connection lost

Rejoining the realm…

Still unreachable

The connection could not be restored.

Session expired

The server has moved on; the page needs a fresh start.